Cogmind - Beta 13 *** ADVENTURER MODE // 2024.06.28 @ 13:02:23 Player: UnifiBg Result: Destroyed by G-47 Trooper with Particle Gun Performance ------------- Evolutions (2) 1000 Regions Visited (7) 1400 Robots Destroyed (47) 235 Value Destroyed (1878) 1878 Prototype IDs (6) 120 Alien Tech Used (0) 0 Bonus (200) 200 TOTAL SCORE: 4833 Bonus ------- Entered Garrisons 200 Cogmind --------- Core Integrity 0/550 Matter 303/500 Energy 100/100 System Corruption 3% Temperature Cool (9) Movement Core (500) Ox9 Location -8/Garrison Parts ------- > --- POWER (1) -------- (None) > --- PROPULSION (3) --- (None) > --- UTILITY (5) ------ Heat Sink Improved Heat Sink Large Storage Unit High-capacity Matter Pod > --- WEAPON (2) ------- Heavy Flail > --- INVENTORY (15) --- Improved Sensor Array Light Armor Plating Shield Generator Relay Coupler [Hunter] (19) Beam Rifle Ion Cannon Heavy Assault Rifle Grenade Launcher Datajack Peak State ------------ > --- POWER ------------ Improved Ion Engine > --- PROPULSION ------- Wheel Wheel Wheel > --- UTILITY ---------- Large Storage Unit High-capacity Matter Pod Advanced Visual Processing Unit Improved Sensor Array Hacking Suite > --- WEAPON ----------- Assault Cannon Assault Cannon > --- INVENTORY -------- Light Ion Engine Improved Ion Engine Wheel Wheel Trap Scanner Improved Sensor Array Improved Signal Interpreter Target Analyzer Improved Light Armor Plating Shield Generator Ion Cannon Heavy Assault Rifle Heavy Assault Rifle Grenade Launcher Heavy Flail [Rating: 25] Favorites ----------- Power Improved Ion Engine Engine Improved Ion Engine Power Core Light Nuclear Core Propulsion Wheel Treads Light Treads Wheel Wheel Utility High-capacity Matter Pod Device Improved Sensor Array Storage High-capacity Matter Pod Processor Advanced Visual Processing Unit Hackware Hacking Suite Weapon Assault Cannon Energy Gun Improved Medium Laser Energy Cannon Ion Cannon Ballistic Gun Heavy Assault Rifle Ballistic Cannon Assault Cannon Launcher Grenade Launcher Impact Weapon Heavy Flail Build | -11 -10 -10 -10 -9 -8 -8 -8 ------- Run | Yrd Mat Min Exi Min Mat Sto Gar Slots Evolved 4 | . . . . . 4 . . Power . | . . . . . . . . Propulsion 1 | . . . . . 1 . . Utility 3 | . . . . . 3 . . Weapon . | . . . . . . . . Parts Attached 100 | 7 5 1 6 4 28 22 27 Power 11 | 1 . 1 . 1 1 2 5 Engine 10 | 1 . 1 . 1 1 2 4 Core 1 | . . . . . . . 1 Reactor . | . . . . . . . . Propulsion 15 | 3 1 . . 1 1 5 4 Treads 2 | . . . . . . . 2 Leg . | . . . . . . . . Wheel 13 | 3 1 . . 1 1 5 2 Hover . | . . . . . . . . Flight . | . . . . . . . . Utility 19 | 1 1 . 1 2 7 3 4 Device 8 | . . . . . 3 2 3 Storage 8 | 1 1 . 1 2 3 . . Processor 2 | . . . . . 1 . 1 Hackware 1 | . . . . . . 1 . Protection . | . . . . . . . . Artifact . | . . . . . . . . Weapon 55 | 2 3 . 5 . 19 12 14 Energy Gun 9 | 2 2 . . . 5 . . Energy Cannon 2 | . . . . . . . 2 Ballistic Gun 11 | . . . 1 . 4 3 3 Ballistic Cannon 15 | . 1 . 2 . 6 4 2 Launcher 5 | . . . . . 2 . 3 Special Weapon . | . . . . . . . . Impact Weapon 13 | . . . 2 . 2 5 4 Slashing Weapon . | . . . . . . . . Piercing Weapon . | . . . . . . . . Special Melee Weapon . | . . . . . . . . Unidentified Prototypes 4 | . 1 . . . 3 . . Parts Lost 20 | . . . . . . 3 17 Power 4 | . . . . . . . 4 Propulsion 7 | . . . . . . 2 5 Utility 5 | . . . . . . 1 4 Weapon 4 | . . . . . . . 4 Highest Loss Streak 11 | . . . . . . 3 11 To Critical Strikes 1 | . . . . . . . 1 Average Slot Usage (%) 92 | . 84 85 87 100 97 99 79 Engine 9 | . 14 14 14 14 9 9 1 Treads 1 | . . . . . . . 9 Wheel 23 | . 27 28 28 28 27 26 6 Device 10 | . . . . . 15 8 18 Storage 18 | . 14 14 16 28 18 18 18 Processor 5 | . . . . . 8 9 3 Hackware 2 | . . . . . . 8 2 Energy Gun 4 | . 16 14 4 . 6 . . Ballistic Gun 5 | . . . 9 14 2 4 8 Ballistic Cannon 9 | . 11 14 12 14 7 12 2 Naked Turns . | . . . . . . . . Heaviest Build 44 | 12 19 19 21 25 44 44 41 Greatest Support 40 | 26 20 20 20 20 30 30 40 Greatest Overweight (x) 13 | . . . 1 1 1 1 13 Average Overweight (x) . | . . . . 1 . 1 . Largest Inventory Capacity 15 | 8 10 10 10 10 15 15 15 Average Capacity 11 | 7 9 10 10 10 10 15 15 Most Carried 15 | 8 8 9 10 10 15 15 15 Average Carried 10 | 4 7 8 9 9 10 14 9 Final Capacity 15 | 8 10 10 10 10 15 15 15 Final Carried 15 | 8 8 9 10 10 15 15 9 Class Distribution -------------------- 58% | Mutant 33% | Scavenger-Mutant 8% | Hacker-Mutant Dominant Class ---------------- Mutant | -10/Materials Mutant | -10/Mines Mutant | -10/Exiles Mutant | -9/Mines Mutant | -8/Materials Scavenger-Mutant | -8/Storage Scavenger-Mutant | -8/Garrison Resources | -11 -10 -10 -10 -9 -8 -8 -8 ----------- Run | Yrd Mat Min Exi Min Mat Sto Gar Matter Collected 2045 | 270 58 22 50 245 506 560 334 Remotely . | . . . . . . . . Salvage Created 1703 | 128 38 52 . 62 534 532 357 Parts 81 | 9 . 6 . . 28 23 15 Haulers Intercepted . | . . . . . . . . Recyclers Shooed . | . . . . . . . . Parts Field Recycled . | . . . . . . . . Retrieved Matter . | . . . . . . . . Parts Self-Destructed . | . . . . . . . . Prevented . | . . . . . . . . Kills | -11 -10 -10 -10 -9 -8 -8 -8 ------- Run | Yrd Mat Min Exi Min Mat Sto Gar Combat Hostiles Destroyed 46 | . 1 3 . 6 12 11 13 Melee 2 | . . . . . . . 2 Guns 15 | . 1 2 . 1 5 4 2 Cannons 23 | . . 1 . 5 6 7 4 AOE 5 | . . . . . 1 . 4 Classes Destroyed 9 | 2 1 1 . 1 2 1 1 Tunneler 2 | 2 . . . . . . . Recycler 2 | 1 . . . . . 1 . Watcher 3 | . . . . . 3 . . Swarmer 6 | . . 3 . . . . 3 Cutter 2 | . . . . . . . 2 Grunt 20 | . 1 . . . 8 6 5 Sentry 11 | . . . . . 4 4 3 Hunter 1 | . . . . . . 1 . Assembled 6 | . . . . 6 . . . Best Kill Streak 4 | 2 1 3 . 4 4 2 3 Combat Bots Only 4 | . 1 3 . 4 4 2 3 Max Kills in Single Turn 3 | 1 1 1 . 1 1 1 3 Gunslinging . | . . . . . . . . Exploded 3 | . . . . . 1 . 3 Melee 1 | . . . . . . . 1 Uniques/NPCs Destroyed . | . . . . . . . . Combat | -11 -10 -10 -10 -9 -8 -8 -8 -------- Run | Yrd Mat Min Exi Min Mat Sto Gar Hostile Shots Fired 255 | . 2 5 . 9 44 68 127 Missed 56 | . . 4 . 4 8 12 28 Damage Taken 2718 | . 37 5 . 77 313 675 1611 Core 565 | . . . . 11 55 76 423 Absorbed by Shields 105 | . . . . . 105 . . Ignored by Resistances 707 | . 11 2 . 21 119 189 365 Regen/Repaired (Parts) 194 | . . . . . . 194 . Core Remaining (%) 97 | 100 . . . 95 . . . Volleys Fired 143 | 8 2 3 . 12 47 36 35 Largest 2 | 2 2 2 . 2 2 2 2 Hottest 107 | 90 91 91 . 55 107 88 104 Shots Fired 276 | 16 4 6 . 24 90 72 64 Gun 122 | 16 2 3 . 12 35 29 25 Cannon 134 | . 2 3 . 12 54 43 20 Launcher 20 | . . . . . 1 . 19 Special . | . . . . . . . . Kinetic 198 | . 2 3 . 24 58 72 39 Thermal 50 | 8 2 3 . . 31 . 6 Explosive 20 | . . . . . 1 . 19 Electromagnetic 8 | 8 . . . . . . . Robot Hit Streak 24 | 8 11 3 . 6 24 21 15 Robot Miss Streak 3 | 1 . 1 . 3 2 1 1 Penetration Max . | . . . . . . . . Secondary Targets . | . . . . . . . . Shots Hit Robots 210 | 11 3 3 . 15 69 63 46 Core Hits 108 | 3 1 3 . 10 29 22 40 Critical Kills 2 | . . . . . . 1 1 Critical Parts Destroyed 2 | . . . . . . 1 1 Critical Strikes 11 | 1 . . . . 5 3 2 Burn 3 | 1 . . . . 2 . . Destroy 1 | . . . . . . 1 . Blast 4 | . . . . . 3 1 . Smash 3 | . . . . . . 1 2 Melee Attacks 24 | . . . 5 . 2 9 8 Impact 24 | . . . 5 . 2 9 8 Slashing . | . . . . . . . . Piercing . | . . . . . . . . Sneak Attacks 1 | . . . . . . 1 . Combat Hostiles . | . . . . . . . . Follow-up Attacks . | . . . . . . . . Damage Inflicted 5765 | 152 51 54 . 194 1455 1446 2413 Guns 1213 | 152 35 34 . 61 396 370 165 Cannons 2384 | . 16 20 . 133 1017 817 381 Explosions 1573 | . . . . . 42 . 1531 Melee 595 | . . . . . . 259 336 Ramming . | . . . . . . . . Kinetic 2902 | . 16 20 . 194 1075 1187 410 Thermal 632 | 89 35 34 . . 338 . 136 Explosive 1573 | . . . . . 42 . 1531 Electromagnetic 63 | 63 . . . . . . . Impact 595 | . . . . . . 259 336 Slashing . | . . . . . . . . Piercing . | . . . . . . . . Highest Corruption 3 | . . . . . . . 3 Average Corruption 3 | . . . . . . . 3 Corruption Purged . | . . . . . . . . Corruption Blocked . | . . . . . . . . Effects 10 | . . . . . . . 10 Message Errors 4 | . . . . . . . 4 Matter Fused 1 | . . . . . . . 1 Heat Flow Errors 1 | . . . . . . . 1 Energy Discharges 2 | . . . . . . . 2 Data Loss (minor) 1 | . . . . . . . 1 Alerts 1 | . . . . . . . 1 Overload Shots . | . . . . . . . . Overflow Damage 308 | . . . . 7 22 109 170 Projectiles 29 | . . . . 7 22 . . Explosions 80 | . . . . . . . 80 Melee 199 | . . . . . . 109 90 Knockbacks 25 | . . . . 1 6 10 8 Impact 2 | . . . . . . 1 1 Kinetic 21 | . . . . 1 6 9 5 Secondary 2 | . . . . . . . 2 Self-Inflicted Damage 77 | . . . . . . . 77 Shots 4 | . . . . . . . 4 Rammed . | . . . . . . . . Targets Rammed . | . . . . . . . . Kicked . | . . . . . . . . Crushed . | . . . . . . . . Highest Temperature 248 | 90 72 90 . 32 217 140 248 Average Temperature 54 | 41 39 46 . 13 48 51 105 Received Heat Transfer 1438 | . 12 . . . 211 459 756 Siege Activations . | . . . . . . . . Robots Corrupted . | . . . . . . . . Combat Hostiles . | . . . . . . . . Parts Fried 3 | . . . . . . 2 1 Impact Corruptions 6 | . . . . . . 2 4 Robots Melted . | . . . . . . . . Combat Hostiles . | . . . . . . . . Parts Melted 3 | . . 1 . . 2 . . Heat Transferred 1591 | 333 74 74 . . 888 . 222 Parts Sabotaged . | . . . . . . . . Parts Stolen . | . . . . . . . . Parts Stripped . | . . . . . . . . Power Chain Reactions . | . . . . . . . . Alert | -11 -10 -10 -10 -9 -8 -8 -8 ------- Run | Yrd Mat Min Exi Min Mat Sto Gar Peak Influence 302 | 15 90 99 . . 184 161 302 Initial 66 | . 8 29 . . . 66 38 Average 64 | 5 40 89 . . 58 70 111 Maximum Alert Level 1 | . . . . . . . 1 Low Security (%) 98 | 100 100 100 . 100 100 100 89 Level 1 1 | . . . . . . . 10 Level 2 . | . . . . . . . . Level 3 . | . . . . . . . . Level 4 . | . . . . . . . . Level 5 . | . . . . . . . . High Security . | . . . . . . . . Max Security . | . . . . . . . . Squads Dispatched 5 | . 1 . . . 2 2 . Investigation 3 | . 1 . . . 1 1 . Extermination . | . . . . . . . . Reinforcement 2 | . . . . . 1 1 . Assault . | . . . . . . . . Garrison . | . . . . . . . . Intercept . | . . . . . . . . Searches Triggered . | . . . . . . . . Construction Impeded . | . . . . . . . . Haulers Reinforced . | . . . . . . . . Active Scanning Responses . | . . . . . . . . Cargo Convoy Interrupts . | . . . . . . . . Stealth | -11 -10 -10 -10 -9 -8 -8 -8 --------- Run | Yrd Mat Min Exi Min Mat Sto Gar Distress Signals 2 | . . . . . 1 1 . Communications Jammed . | . . . . . . . . Distress Signals . | . . . . . . . . Times Spotted 74 | . 4 3 . 9 25 13 20 Peak Tracking Total 6 | . 2 3 . 2 3 3 6 Tactical Retreats 1 | . . . . . 1 . . Traps | -11 -10 -10 -10 -9 -8 -8 -8 ------- Run | Yrd Mat Min Exi Min Mat Sto Gar Traps Triggered 7 | . 1 . . . 1 2 3 Indirectly . | . . . . . . . . Trap Hack Attempts . | . . . . . . . . Triggered . | . . . . . . . . Disarmed 1 | . 1 . . . . . . Reprogrammed . | . . . . . . . . Reused . | . . . . . . . . Traps Extracted . | . . . . . . . . Installed . | . . . . . . . . Triggered . | . . . . . . . . Machines | -11 -10 -10 -10 -9 -8 -8 -8 ---------- Run | Yrd Mat Min Exi Min Mat Sto Gar Machines Disabled 1 | . . . . . . . 1 Max in Single Turn 1 | . . . . . . . 1 Garrison Relay 1 | . . . . . . . 1 Machines Repaired . | . . . . . . . . Machines Dismantled . | . . . . . . . . Machines Sabotaged . | . . . . . . . . Overloaded Fab Kills . | . . . . . . . . Hacking | -11 -10 -10 -10 -9 -8 -8 -8 --------- Run | Yrd Mat Min Exi Min Mat Sto Gar Machines Accessed 21 | . 4 . 4 . 5 6 2 Terminals 14 | . 4 . . . 4 4 2 Fabricators . | . . . . . . . . Repair Stations 1 | . . . . . . 1 . Recycling Units . | . . . . . . . . Scanalyzers 1 | . . . . . 1 . . Garrison Access 1 | . . . . . . 1 . Total Hacks 57 | . 19 . 4 . 12 18 4 Successful 40 | . 10 . 4 . 9 16 1 Failed 17 | . 9 . . . 3 2 3 Catastrophic 1 | . 1 . . . . . . Database Lockouts . | . . . . . . . . Manual 28 | . 13 . . . 5 7 3 Terminals 40 | . 19 . . . 10 7 4 Fabricators . | . . . . . . . . Repair Stations 9 | . . . . . . 9 . Recycling Units . | . . . . . . . . Scanalyzers 2 | . . . . . 2 . . Garrison Access 2 | . . . . . . 2 . Terminal Hacks 16 | . 6 . 4 . 3 3 . Record 4 | . . . 4 . . . . Robot Analysis 2 | . 1 . . . 1 . . Prototype ID Bank 1 | . . . . . . 1 . Open Door 1 | . . . . . . 1 . Branch Access Points 1 | . 1 . . . . . . Alert Level 2 | . 1 . . . 1 . . Unreport Threat 1 | . . . . . 1 . . Locate Traps 1 | . 1 . . . . . . Disarm Traps 1 | . 1 . . . . . . Zone Layout 2 | . 1 . . . . 1 . Fabricator Hacks . | . . . . . . . . Repair Station Hacks 9 | . . . . . . 9 . Scan Component 5 | . . . . . . 5 . Repair 4 | . . . . . . 4 . Recycling Unit Hacks . | . . . . . . . . Scanalyzer 2 | . . . . . 2 . . Insert Component 1 | . . . . . 1 . . Analyze 1 | . . . . . 1 . . Garrison Access Hacks 1 | . . . . . . 1 . Unlock Access 1 | . . . . . . 1 . Unauthorized Hacks 12 | . 4 . . . 4 3 1 Terminals 12 | . 4 . . . 4 3 1 Botnet 12 | . 4 . . . 4 3 1 Fabricators . | . . . . . . . . Repair Stations . | . . . . . . . . Recycling Units . | . . . . . . . . Scanalyzers . | . . . . . . . . Garrison Access . | . . . . . . . . Data Cores Recovered . | . . . . . . . . Used . | . . . . . . . . Hacking Detections 14 | . 3 . . . 5 5 1 Full Trace Events 3 | . 1 . . . . 1 1 Feedback Events . | . . . . . . . . Feedback Blocked . | . . . . . . . . Robot Schematics Acquired . | . . . . . . . . Robots Built . | . . . . . . . . Authchips . | . . . . . . . . Time . | . . . . . . . . Total Robot Build Rating . | . . . . . . . . Part Schematics Acquired 1 | . . . . . 1 . . Parts Built . | . . . . . . . . Authchips . | . . . . . . . . Time . | . . . . . . . . Total Part Build Rating . | . . . . . . . . Parts Repaired 4 | . . . . . . 4 . Time 134 | . . . . . . 134 . Parts Recycled . | . . . . . . . . Recycled Matter . | . . . . . . . . Retrieved Matter . | . . . . . . . . Retrieved Components . | . . . . . . . . Parts Scanalyzed 1 | . . . . . 1 . . Part Schematics Acquired 1 | . . . . . 1 . . Parts Damaged . | . . . . . . . . Bothacking | -11 -10 -10 -10 -9 -8 -8 -8 ------------ Run | Yrd Mat Min Exi Min Mat Sto Gar Used RIF Installer . | . . . . . . . . Robots Hacked . | . . . . . . . . Non-combat . | . . . . . . . . Combat . | . . . . . . . . Robot Hacks Applied . | . . . . . . . . Relay Couplers Released 3 | . . . . . . . 3 Machine Destruction 3 | . . . . . . . 3 Fabnet Peak Effective % . | . . . . . . . . Robots Rewired . | . . . . . . . . Allies Hacked . | . . . . . . . . Hacks Repelled . | . . . . . . . . Allies | -11 -10 -10 -10 -9 -8 -8 -8 -------- Run | Yrd Mat Min Exi Min Mat Sto Gar Total Allies . | . . . . . . . . Largest Group . | . . . . . . . . Highest-Rated Group . | . . . . . . . . Highest-Rated Ally . | . . . . . . . . Total Orders . | . . . . . . . . Ally Attacks . | . . . . . . . . Total Damage . | . . . . . . . . Kills . | . . . . . . . . Allies Corrupted . | . . . . . . . . Allies Melted . | . . . . . . . . Intel | -11 -10 -10 -10 -9 -8 -8 -8 ------- Run | Yrd Mat Min Exi Min Mat Sto Gar Robot Analysis Total 2 | . 1 . . . 1 . . Derelict Logs Recovered . | . . . . . . . . Drone Launches . | . . . . . . . . Drone Recoveries . | . . . . . . . . Exploration | -11 -10 -10 -10 -9 -8 -8 -8 ------------- Run | Yrd Mat Min Exi Min Mat Sto Gar Turns Passed 4617 | 93 264 143 605 321 1554 920 717 Spaces Moved 3303 | 61 290 101 707 273 1085 492 294 Core 10 | 3 . . . . . . 7 Treads 159 | . . . . . . . 159 Legs . | . . . . . . . . Wheels 3134 | 58 290 101 707 273 1085 492 128 Hover . | . . . . . . . . Flight . | . . . . . . . . Fastest Speed 50 | 50 80 80 80 95 80 95 95 Average Speed 93 | 82 80 80 82 95 87 95 156 Slowest Speed 700 | 90 80 80 95 95 95 95 700 Overloaded Moves . | . . . . . . . . Propulsion Burnouts . | . . . . . . . . Robots Hopped . | . . . . . . . . Cave-ins Triggered 1 | . . . . . . . 1 Exploration Rate (%) 47 | 5 53 16 95 62 48 60 37 Regions Visited 7 Branch Regions 4 Pre-discovered Areas . | . . . . . . . . Known Exits Taken 2 | . 1 . . . . 1 . Unknown Exits Taken 5 | 1 . 1 1 1 1 . . Scrap Searched 2 | . . . . 2 . . . Spaces Dug 11 | . . . 1 . 2 6 2 Terrain Destroyed 41 | . . . 1 1 14 7 18 Melee 9 | . . . 1 . 2 6 . Projectile 6 | . . . . 1 4 1 . AOE 26 | . . . . . 8 . 18 Terrain Rammed . | . . . . . . . . Walls Destroyed . | . . . . . . . . Machines Disabled . | . . . . . . . . Actions | -11 -10 -10 -10 -9 -8 -8 -8 --------- Run | Yrd Mat Min Exi Min Mat Sto Gar Total 4518 | 85 319 157 720 315 1595 857 470 Wait 816 | . 9 47 . 17 395 267 81 Move 3297 | 60 289 100 706 272 1084 492 294 Hop . | . . . . . . . . Pick Up 70 | 10 6 3 2 3 20 14 12 Fast Attach 14 | 3 2 . 1 1 3 1 3 Attach 22 | 3 1 . . . 1 4 13 Detach . | . . . . . . . . Swap 64 | 1 2 1 5 3 24 17 11 Drop 52 | . 8 3 1 7 19 9 5 Fire 143 | 8 2 3 . 12 47 36 35 Melee 24 | . . . 5 . 2 9 8 Ram . | . . . . . . . . Kick . | . . . . . . . . Crush . | . . . . . . . . Escape Stasis 16 | . . . . . . 8 8 Rewire . | . . . . . . . . Trap . | . . . . . . . . Miscellaneous . | . . . . . . . . Route ------- -11/Scrapyard -10/Materials (discovered 3 exits: [*Mat] / *Min x2) -10/Mines -10/Exiles (discovered 2 exits: [*Min x2]) -9/Mines -8/Materials (discovered 2 exits: [*Fac] / *Sto) -8/Storage -8/Garrison (discovered 1 exit: [*Fac]) History --------- Turn | Location | Event 3 | -11/Scrapyard | Discovered new exit (range 16) 94 | -11/Scrapyard | Entered Materials 194 | -10/Materials | Identified exit to Mines 223 | -10/Materials | Discovered new exit (range 6) 318 | -10/Materials | Build established: Mutant 358 | -10/Materials | Entered Mines 497 | -10/Mines | Deemed a non-threat by the Exiles lab entrance 497 | -10/Mines | Discovered new exit (range 5) 501 | -10/Mines | Entered Exiles 501 | -10/Exiles | Found Exiles lab abandoned 513 | -10/Exiles | Discovered new exit (range 15) 1088 | -10/Exiles | Discovered new exit (range 14) 1106 | -10/Exiles | Entered Mines 1119 | -9/Mines | Assembled infested the area 1124 | -9/Mines | Assisted by a Guerilla fighting off Assembled 1391 | -9/Mines | Discovered new exit (range 5) 1427 | -9/Mines | Entered Materials 1427 | -8/Materials | Evolved 4 slots: Propulsion x1, Utility x3 1581 | -8/Materials | Discovered new exit (range 14) 2800 | -8/Materials | Discovered new exit (range 19) 2929 | -8/Materials | Build established: Scavenger-Mutant 2981 | -8/Materials | Entered Storage 3299 | -8/Storage | Build established: Hacker-Mutant 3339 | -8/Storage | Lost 3 parts (2n1u) 3390 | -8/Storage | Repaired Hvy. Assault Rifle 3417 | -8/Storage | Repaired Wheel 3457 | -8/Storage | Repaired Adv. Targeting Computer 3497 | -8/Storage | Repaired Assault Cannon 3901 | -8/Storage | Identified exit to Garrison 3901 | -8/Storage | Entered Garrison 3947 | -8/Garrison | Triggered checkpoint 3969 | -8/Garrison | Garrison Relay disabled 4011 | -8/Garrison | Build established: Scavenger-Mutant 4055 | -8/Garrison | Triggered checkpoint 4113 | -8/Garrison | Core integrity fell below 50% 4142 | -8/Garrison | Lost 11 parts (2p5n1u3w) 4159 | -8/Garrison | Crushed by falling debris 4190 | -8/Garrison | Lost 4 parts (1p3u) 4312 | -8/Garrison | Discovered new exit (range 12) 4327 | -8/Garrison | Core integrity fell below 20% 4489 | -8/Garrison | Triggered checkpoint 4618 | -8/Garrison | Destroyed by G-47 Trooper with Particle Gun Last Messages --------------- 04602_ Hvy. Assault Rifle severed. 04604_ Destroyed Concussive RPG. 04604_ C-17 Slicer system corrupted by crushing effect. 04604_ Lgt. Treads severed. 04605_ Hvy. Flail severed. 04606_ Acquired Hvy. Assault Rifle. 04607_ Imp. Heat Sink severed. 04609_ Acquired Hvy. Flail. 04610_ Lgt. Treads severed. 04611_ C-17 Slicer suffers critical hit (Smash). 04611_ Destroyed Surge Thruster. 04611_ Destroyed Reaction Control System. 04611_ C-17 Slicer system corrupted by crushing effect. 04611_ C-17 Slicer knocked back. 04612_ C-17 Slicer system terminally corrupted. 04612_ Lgt. Nuclear Core fried. 04614_ C-17 Slicer destroyed. [Achievement: Just Browsing] Map ----- +----------------------------------------------------+ | #??????????????????????????? | | ####### #^^ ^## #??????????????????????????? | | ???##### # ## #??????????????????????????? | | ?????# "??????????????????????????? | | ?????# "??????????????????????????? | | ?????# "??????????????????????????? | | ?????# "??????????????????????????? | | ?????### ## ## #??????????????????????????? | | ???????#" ## ## ##########?????????????????? | | ???????# " #?????????????????? | | ???????#" #?????????????????? | | ???????# #######????????????????????? | | ???????## ## ## ##??????????????????????????? | | ???????## ## ## #???????????????????????????? | | ???????#T ######## #???????????????????????????? | | ???????## #??????# #???????????????????????????? | | ????????# #??????# #?????????#?????????????????? | | ????????# #??????# #???????? #?????????????????? | | ????????# #??????# #??##### #?????????????????? | | ????????# #??????# #### # #########?????????? | | ????????# #??????# g ] ????????? | | ######### #??????# %= ?????????? | | #??????# #####=% #####???????????????? | | #??????# "#??# ####???????????????????? | | ############??????# T#??#=#??????????????????????? | | #?????????????????#""#??#@#??????????????????????? | | #?????????????????####??# #??????????????????????? | | #???????????????????????# #??????????????????????? | | #???????????????????????#=#??????????????????????? | | #???????????????????????#=#??????????????????????? | | #???????????????????????#%#??????????????????????? | | #???????????????????????#/!??????????????????????? | | #???????????????????????###??????????????????????? | | #????????????????????????????????????????????????? | | #????????????????????????????????????????????????? | | #????????????????????????????????????????????????? | | #????????????????????????????????????????????????? | | ?????????????????????????????????????????????????? | | ?????????????????????????????????????????????????? | | ?????????????????????????????????????????????????? | | ?????????????????????????????????????????????????? | | ?????????????????????????????????????????????????? | | ?????????????????????????????????????????????????? | | ?????????????????????????????????????????????????? | | ?????????????????????????????????????????????????? | | ?????????????????????????????????????????????????? | | ?????????????????????????????????????????????????? | | ?????????????????????????????????????????????????? | | ?????????????????????????????????????????????????? | | ?????????????????????????????????????????????????? | +----------------------------------------------------+ Best States ------------- Heat Dissipation 69 Energy Generation 14 Energy Capacity 265 Matter Stores 500 Matter Capacity 500 Sight Range 20 Robot Scan Range 15 Terrain Scan Density 10 Resistance: KI 20 Resistance: TH 20 Resistance: EX 20 Resistance: EM 20 Resistance: I 20 Resistance: S 20 Resistance: P 20 Evasion (%) 44 Targeting Accuracy 8 Recoil Reduction 2 Offensive Hacking 20 Item Schematics ----------------- Hacking Suite | -8/Materials | Scanalyzed Robot Schematics ------------------ None Fabricated ------------ Nothing Alien Tech Used ----------------- None Achievements -------------- I Survived The Infestation Just Browsing root@ Challenges ------------ None Game ------ Seed LinkedSubatomicChronowheel Manual? 0 Play Time 01:24:15 Cumulative 18.6 hours Start 2024.06.28 @ 10:45:12 End 2024.06.28 @ 13:02:23 Sessions 1 Manual Loads 0 Difficulty Adventurer Special Mode None Game No. 12 Rogue 0 Adventurer 12 Explorer 0 Win Type - Total 0 Types 0/0/0/0/0/0/0/0/0 Lore% 16 Gallery% 25 Achievement% 17 Wizard Run 0 Options --------- Layout 2 ASCII 0 Keyboard 0 Movement Mouse Keybinds 0 Fullscreen 1 Font 48/Smallcaps Map View 50x44 Zoom Use 0% Tactical HUD 1 Map Filters NONE Filters NONE Steam 1 RUN: fac79d2a-2a83-4932-99b1-6428b1a2afab